 Dungeon Crawl Stone Soup version 0.20-a0-309-gcba9277 (webtiles) character file.

56 Havercy the Poker (level 3, 0/33 HPs)
             Began as a Naga Gladiator on Dec 19, 2016.
             Slain by a bat (1 damage)
             ... on level 3 of the Dungeon.
             The game lasted 00:01:30 (2058 turns).

Havercy the Poker (Naga Gladiator)                  Turns: 2058, Time: 00:01:31

Health: 0/33       AC:  3    Str: 18    XL:     3   Next: 97%
Magic:  3/3        EV: 10    Int:  8    God:
Gold:   99         SH:  0    Dex: 11    Spells: 2/2 levels left

rFire  . . .     SeeInvis +     a - +0 trident
rCold  . . .     Gourm    .     b - +0 leather armour
rNeg   . . .     Faith    .     (no shield)
rPois  +         Spirit   .     c - +0 helmet
rElec  .         Reflect  .     (no cloak)
rCorr  .         Harm     .     (no gloves)
MR     .....                    (no barding)
Stlth  +.........               (no amulet)
                                (no ring)
                                l - ring of see invisible

@: very slow
A: see invisible, deformed body, poison resistance, slowness 2, slow metabolism
1, spit poison 1, AC +1
a: Spit Poison


You were on level 3 of the Dungeon.
You were hungry.

You visited 1 branch of the dungeon, and saw 3 of its levels.

You collected 99 gold pieces.

Inventory:

Hand Weapons
 a - a +0 trident (weapon)
Missiles
 d - 3 throwing nets (quivered)
Armour
 b - a +0 leather armour (worn)
 c - a +0 helmet (worn)
Jewellery
 l - a ring of see invisible (left hand)
Scrolls
 i - a scroll of remove curse {unknown}
 k - a scroll of recharging {unknown}
 n - a scroll of immolation {unknown}
 o - a scroll of fear
 r - a scroll of identify {unknown}
Potions
 e - 2 potions of invisibility {unknown}
 h - a potion of agility {unknown}
 j - a potion of heal wounds {unknown}
 p - a potion of curing {unknown}
Comestibles
 f - 2 bread rations
 g - a meat ration
 m - a slice of pizza
 q - a beef jerky


   Skills:
 + Level 2.4 Fighting
 * Level 3.9 Polearms
 - Level 1.7 Throwing
 + Level 0.8 Armour
 + Level 2.7 Dodging


You had 2 spell levels left.
You didn't know any spells.

Dungeon Overview and Level Annotations

Branches:
Dungeon (3/15)

Altars:
Makhleb
Nemelex Xobeh


Innate Abilities, Weirdness & Mutations

You cannot wear boots.
Your serpentine skin is tough. (AC +1)
You have supernaturally acute eyesight. (SInv)
Armour fits poorly on your strangely shaped body.
Your system is resistant to poisons. (rPois)
You cover ground very slowly.
You have a slow metabolism.
You can spit poison.


Message History

The hound is moderately wounded.
The bat hits you but does no damage. The bat closely misses you.
The hound barely misses you. x2
You barely miss the hound.
The hound is moderately wounded.
The bat closely misses you. The hound bites you.
* * * LOW HITPOINT WARNING * * *
The hound barely misses you.
Press: ? - help, Shift-Dir - straight line, f - hound
Aim: a hound (moderately wounded)
The splash of poison misses the hound.
You feel slightly more hungry. The bat hits you but does no damage.
The hound bites you but does no damage.
Unknown command.
The bat hits you.
* * * LOW HITPOINT WARNING * * *
The bat closely misses you. The hound bites you.
* * * LOW HITPOINT WARNING * * *
You have got your breath back.
The bat hits you.
You die...

### ##.##
####
#.h.###..
#..#.b##.#
#.###@.#.##
#.. #.....#
#.. ##....#
#._ #....#
## ##..#####
###.....##
##.>......##
#..........#
#..........#


You could see a hound and a bat.

Vanquished Creatures
  An adder (D:2)
  A worm (D:2)
  2 dart slugs (D:1)
  2 leopard geckos
  A ball python (D:2)
  3 giant cockroaches
  3 hobgoblins
  A quokka (D:2)
  4 bats
  2 frilled lizards
  9 goblins
  4 kobolds
  4 rats (D:2)
37 creatures vanquished.

Notes
Turn   | Place    | Note
-------+----------+-------------------------------------------
     0 | D:1      | Havercy the Naga Gladiator began the quest for the Orb.
     0 | D:1      | Reached XP level 1. HP: 19/19 MP: 1/1
   378 | D:1      | Reached XP level 2. HP: 24/26 MP: 2/2
  1160 | D:2      | Reached XP level 3. HP: 32/32 MP: 3/3
  1513 | D:2      | Found a sparkling altar of Nemelex Xobeh.
  2046 | D:3      | Found a burning altar of Makhleb.
  2057 | D:3      | HP: 1/33 [hound (4)]
  2058 | D:3      | Slain by a bat

Vault maps used:
D:1:      roderic_octagonal_star, minmay_misc_feat_iff
D:2:      nemelex_xobeh_ov_fountains_minmay, first_bread, minmay_pentomino_x2
D:3:      makhleb_blood_cavern_becter

Action                   || total
-------------------------++-------
Melee: Trident           ||   122
Throw: Throwing net      ||     1
 Abil: Spit Poison       ||     2
  Use: Scroll            ||     1
  Eat: Chunk             ||     2
Armor: Leather armour    ||    30
Dodge: Dodged            ||    73
